 Dungeon Crawl Stone Soup version 0.28.0-53-g5a82cb258f (webtiles) character file.

Game seed: 11681595777298234583

197 Zeld the Skirmisher (level 5, -3/48 HPs)
             Began as a Minotaur Berserker on May 24, 2022.
             Was a Believer of Trog.
             Slain by a worm (6 damage)
             ... on level 3 of the Dungeon.
             The game lasted 00:01:38 (2372 turns).

Zeld the Skirmisher (Minotaur Berserker)            Turns: 2372, Time: 00:01:39

Health: -3/48      AC:  6    Str: 23    XL:     5   Next: 46%
Magic:  4/4        EV: 12    Int:  4    God:    Trog [**....]
Gold:   79         SH:  0    Dex: 10    Spells: 4/4 levels left

rFire   . . .      SeeInvis .   l - +2 rapier (freeze)
rCold   . . .      Faith    .   (no shield)
rNeg    . . .      Spirit   .   b - +0 animal skin
rPois   .          Reflect  .   (helmet restricted)
rElec   .          Harm     .   (no cloak)
rCorr   .          Rampage  .   k - +2 pair of gloves
Will    .....                   d - +0 pair of boots
Stlth   +.........              (no amulet)
HPRegen 0.16/turn               (no ring)
MPRegen 0.09/turn               (no ring)

@: on berserk cooldown, slowed, very slow
A: horns 2, retaliatory headbutt
a: Renounce Religion, Berserk, Trog's Hand


You were on level 3 of the Dungeon.
You worshipped Trog.
Trog was pleased with you.
You visited 1 branch of the dungeon, and saw 3 of its levels.

You collected 79 gold pieces.

Inventory:

Hand Weapons
 a - a +0 hand axe
 l - a +2 rapier of freezing (weapon)
Armour
 b - a +0 animal skin (worn)
 d - a +0 pair of boots (worn)
 k - a +2 pair of gloves (worn)
Jewellery
 o - a ring of protection from fire
Scrolls
 c - a scroll of fear {unknown}
 e - a scroll of teleportation {unknown}
 f - 4 scrolls of identify {unknown}
 h - a scroll of summoning {unknown}
 m - a scroll of magic mapping {unknown}
 n - a scroll of amnesia {unknown}
Potions
 g - a potion of brilliance {unknown}
 i - a potion of curing {unknown}
 j - a potion of mutation {unknown}


   Skills:
 * Level 5.2 Fighting
 * Level 5.2 Axes
 + Level 3.6 Armour
 + Level 3.3 Dodging


You had 4 spell levels left.
You didn't know any spells.
Your spell library was empty.

Dungeon Overview and Level Annotations

Branches:
Dungeon (3/15)

Altars:


Innate Abilities, Weirdness & Mutations

You have a pair of horns on your head.
You reflexively headbutt those who attack you in melee.


Message History

* * * LOW HITPOINT WARNING * * *
The orc priest barely misses you. You furiously retaliate!
You headbutt the orc priest.
There is an open door here.
You barely miss the orc priest. Your headbutt misses the orc priest.
The orc priest is lightly wounded.
The orc hits you but does no damage.
You closely miss the orc priest.
The orc priest is lightly wounded.
The orc priest closely misses you. You furiously retaliate!
You headbutt the orc priest!!
You feel the power of Trog in you as your rage grows.
You kill the orc priest!
Trog accepts your kill. The orc barely misses you.
Your Fighting skill increases to level 5!
Your Axes skill increases to level 5!
You miss something. Your headbutt misses something. Something hits you.
* * * LOW HITPOINT WARNING * * *
The orc barely misses you. You furiously retaliate!
You headbutt the orc!
You kill the orc!
Trog accepts your kill.
You hit something. You freeze something.
You hear some strange, mumbled words.
A puff of flame appears from out of thin air!
The puff of flame hits you.
* * * LOW HITPOINT WARNING * * *
You puncture something! You freeze something. Trog accepts your kill.
Trog appreciates your killing of a magic user.
Reactivating autopickup.
You feel a bit more experienced.
Items here: )) [ †.
You feel a strong urge to attack something.
You are no longer berserk.
You are exhausted.
You feel yourself slow down.
Items here: )) [ †.
The worm bites you.
You die...

#### ..# #.#
#####.#### ######
#........# #....#
#.....##.######....#
#...>.).+..)...)@....+
#.#..o..##.######w...#
#.....##+# #....#
######. .....# .
......# . w.....## ..
.......# ........#
.........#


You could see a worm.

Vanquished Creatures
  2 orc priests (D:3)
  Jessica (D:2)
  Terence (D:2)
  An orc wizard (D:3)
  2 adders (D:2)
  A dart slug (D:1)
  2 orcs (D:3)
  4 bats
  4 endoplasms
  A giant cockroach (D:2)
  4 goblins
  A hobgoblin (D:1)
  3 jackals (D:1)
  2 kobolds
  4 quokkas
  4 ball pythons
  4 frilled lizards
  2 rats
43 creatures vanquished.

Notes
Turn   | Place    | Note
-------+----------+-------------------------------------------
     0 | D:1      | Zeld the Minotaur Berserker began the quest for the Orb.
     0 | D:1      | Reached XP level 1. HP: 19/19 MP: 0/0
   508 | D:1      | Reached XP level 2. HP: 25/27 MP: 1/1
   901 | D:1      | Reached ** piety under Trog
  1120 | D:2      | Reached XP level 3. HP: 33/33 MP: 2/2
  1217 | D:2      | Noticed Terence
  1248 | D:2      | Killed Terence
  1627 | D:2      | Reached XP level 4. HP: 35/41 MP: 3/3
  1723 | D:2      | Noticed Jessica
  1730 | D:2      | Killed Jessica
  2349 | D:3      | Reached XP level 5. HP: 29/47 MP: 4/4
  2366 | D:3      | Reached skill level 5 in Fighting
  2366 | D:3      | Reached skill level 5 in Axes
  2367 | D:3      | HP: 3/72 [something/puff of flame (2)]
  2372 | D:3      | Slain by a worm

Illustrated notes

Levels and vault maps discovered:
D:1:      dpeg_arrival_arbitrary_b, layout_loops_ring
D:2:      layout_loops_cross, uniq_jessica, uniq_terence
D:3:      layout_basic, lemuel_doored_altar, nicolae_overflow_hidden_temple

Skill      XL: |  1  2  3  4  5 |
---------------+----------------+-----
Fighting       | 4 5 |  5.2
Axes           | 4 5 |  5.2
Armour         | 3 |  3.6
Dodging        | 3 |  3.3

Action                   |  1- 3 |  4- 6 || total
-------------------------+-------+-------++-------
Melee: Hand axe          |    71 |    11 ||    82
       Headbutt          |     6 |     1 ||     7
       Punch             |     1 |       ||     1
       Rapier            |       |    16 ||    16
Invok: Berserk           |     1 |     1 ||     2
 Stab: Sleeping          |     1 |       ||     1
Armor: Animal skin       |    14 |     9 ||    23
Dodge: Dodged            |    42 |    17 ||    59
